 Dungeon Crawl Stone Soup version 0.27.1-4-g1640c2035a (webtiles) character file.

Game seed: 4302804354184589397

2355 Stomo444 the Cutter (level 9, -4/45 HPs)
             Began as a Vine Stalker Air Elementalist on Nov 12, 2021.
             Was a Follower of Vehumet.
             Killed from afar by Harold (10 damage)
             ... with a harpoon shot
             ... on level 7 of the Dungeon.
             The game lasted 00:20:00 (8412 turns).

Stomo444 the Cutter (Vine Stalker Air Elementalist) Turns: 8412, Time: 00:20:01

Health: -4/45      AC:  8    Str: 14    XL:     9   Next: 44%
Magic:  0/18       EV: 13    Int: 15    God:    Vehumet [*.....]
Gold:   305        SH:  0    Dex: 15    Spells: 8/18 levels left

rFire    . . .     SeeInvis .   k - +2 rapier (freeze)
rCold    . . .     Faith    .   (no shield)
rNeg     . . .     Spirit   +   a - +1 robe
rPois    .         Reflect  .   (no helmet)
rElec    .         Harm     .   p - +0 cloak
rCorr    .         Rampage  .   (no gloves)
Will     +....                  (no boots)
Stlth    ++........             (no amulet)
HPRegen  1.15/turn              h - +4 ring of protection
MPRegen  0.16/turn              (no ring)

@: marked
A: fangs 3, regeneration 1, magic shield, antimagic bite, no potion heal 2
a: Renounce Religion


You were on level 7 of the Dungeon.
You worshipped Vehumet.
Vehumet was aware of your devotion.
You visited 2 branches of the dungeon, and saw 8 of its levels.

You collected 305 gold pieces.

Inventory:

Hand Weapons
 d - a +0 club
 e - a +0 short sword
 k - a +2 rapier of freezing (weapon)
 r - a +2 dagger of venom
Armour
 a - a +1 robe (worn)
 p - a +0 cloak (worn)
Jewellery
 h - a +4 ring of protection (left hand)
Wands
 w - a wand of paralysis (17)
Scrolls
 f - 2 scrolls of amnesia
 v - a scroll of vulnerability {unknown}
 x - a scroll of identify
Potions
 b - 4 potions of might
 c - 2 potions of haste
 g - 4 potions of curing {unknown}
 i - a potion of flight
 j - 2 potions of invisibility {unknown}
 l - a potion of berserk rage {unknown}
 m - a potion of degeneration {unknown}
 n - a potion of cancellation {unknown}
 o - a potion of brilliance {unknown}
 q - 2 potions of attraction {unknown}
 s - a potion of magic {unknown}
 t - a potion of resistance {unknown}
 u - 2 potions of ambrosia {unknown}


   Skills:
 + Level 4.2 Fighting
 * Level 6.1 Short Blades
 + Level 4.3 Dodging
 - Level 2.4 Stealth
 + Level 5.3 Spellcasting
 - Level 3.0 Conjurations
 + Level 5.7 Air Magic


You had 8 spell levels left.
You knew the following spells:

 Your Spells              Type           Power      Damage    Failure   Level
a - Shock                 Conj/Air       68%        1d7       2%          1
b - Static Discharge      Conj/Air       17%        N/A       3%          2
c - Swiftness             Air            21%        N/A       4%          3
d - Airstrike             Air            10%        N/A       14%         4

Your spell library contained the following spells:

 Spells                   Type           Power      Damage    Failure   Level
 Magic Dart               Conj           52%        1d5       4%          1
 Sandblast                Erth           8%         2d5       16%         1
 Passwall                 Tmut/Erth      3%         N/A       24%         2
 Sublimation of Blood     Necr           2%         N/A       24%         2
 Wereblood                Tmut           4%         N/A       24%         2
 Petrify                  Tmut/Erth      4%         N/A       83%         4
 Irradiate                Conj/Tmut      4%         3d14      93%         5
 Lee's Rapid Deconstruct  Erth           2%         3d5*      99%         5
 Summon Hydra             Summ           2%         N/A       100%        7


Dungeon Overview and Level Annotations

Branches:
Dungeon (7/15)             Temple (1/1) D:4

Altars:
Ashenzari
Cheibriados
Dithmenos
Elyvilon
Gozag
Kikubaaqudgha
Nemelex Xobeh
Okawaru
Qazlal
Ru
Trog
Uskayaw
Vehumet
Wu Jian
Yredelemnul
Zin
The Shining One

Shops:
D:1 [   D:3 :

Annotations:
D:7 Harold


Innate Abilities, Weirdness & Mutations

You have razor-sharp teeth.
Your natural rate of healing is unusually fast.
When hurt, damage is shared between your health and your magic reserves.
Your bite disrupts and absorbs the magic of your enemies.
Potions cannot restore your health.


Message History

The harpoon shot hits you!
* * * LOW HITPOINT WARNING * * *
You are yanked forward by the harpoon shot.
Unknown command.
Harold points at you and mumbles some strange words.
The mark upon you grows brighter.
You see here a bullfrog corpse.
Harold throws a throwing net.
The throwing net hits you.
You become entangled in the net!
Things that are here:
a throwing net; a throwing net You struggle against the net.
Harold casts a spell at you. The mark upon you grows brighter.
You struggle against the net.
You struggle against the net.
Harold fires a harpoon shot at you. The harpoon shot hits you!
* * * LOW HITPOINT WARNING * * *
You are yanked forward by the harpoon shot.
You see here a throwing net.
Harold casts a spell at you. The mark upon you grows brighter.
Casting: Airstrike (quite dangerous; 14% risk of failure)
Confirm with . or Enter, or press ? or * to list all spells.
Aiming: Shock (safe; 2% risk of failure)
Press: ? - help, Shift-Dir - straight line, f/p - Harold
Aim: Harold, wielding a +0 long sword and wearing a +0 chain mail (severely wounded, 86% to hit)
The zap hits Harold.
Harold is severely wounded.
Harold fires a harpoon shot at you. The harpoon shot hits you!
You are yanked forward by the harpoon shot.
Harold fires a harpoon shot at you. The harpoon shot hits you!
* * * LOW HITPOINT WARNING * * *
You are yanked forward by the harpoon shot.
Harold fires a harpoon shot at you. The harpoon shot hits you!
You die...

#.........#
#.........#
#.........#
#.........#
####)######
..#####.#### ##+##
...........# ....#
........##.# ....#
##########@# ....#
#.# ....# #@#
....# #.#
##.#############.#
...........†(.(#.#
##.###########@#.#
.........#
##.#.####..##
##.#.#.#.#
#............


You could see Harold.

Vanquished Creatures
  Joseph (D:7)
  3 water moccasins
  An ice beast (D:5)
  An ogre (D:4)
  2 black bears (D:6)
  2 necrophages
  2 phantoms (D:5)
  3 bullfrogs
  A water moccasin zombie (D:5)
  A scorpion (D:3)
  A bullfrog zombie (D:6)
  2 orc priests (D:4)
  A hound (D:4)
  2 jellies (D:6)
  A gnoll shaman (D:6)
  2 bullfrog skeletons
  5 iguanas
  Natasha (D:2)
  4 orc wizards
  3 gnolls (D:6)
  5 adders
  A shadow imp (D:6)
  2 ufetubi (D:6)
  An adder skeleton (D:4)
  3 worms
  21 orcs
  7 bats
  6 endoplasms
  5 giant cockroaches
  8 goblins
  5 hobgoblins (D:4)
  3 jackals (D:4)
  6 quokkas
  6 ball pythons
  5 frilled lizards
  5 kobolds
  4 rats
132 creatures vanquished.

Vanquished Creatures (others)
  A plant (D:3)
1 creature vanquished.

Grand Total: 133 creatures vanquished

Notes
Turn   | Place    | Note
-------+----------+-------------------------------------------
     0 | D:1      | Stomo444 the Vine Stalker Air Elementalist began the quest
                  | for the Orb.
     0 | D:1      | Reached XP level 1. HP: 9/9 MP: 4/4
   129 | D:1      | Found a faded altar of an unknown god.
   441 | D:1      | Reached XP level 2. HP: 10/13 MP: 3/6
   507 | D:1      | Found Jussusu's Armour Shoppe.
  1209 | D:2      | Reached XP level 3. HP: 16/16 MP: 7/7
  1421 | D:2      | Noticed Natasha
  1426 | D:2      | Learned a level 2 spell: Static Discharge
  1430 | D:2      | Learned a level 3 spell: Swiftness
  1470 | D:2      | Killed Natasha
  1471 | D:2      | Reached skill level 1 in Short Blades
  1471 | D:2      | Gained mutation: Your natural rate of healing is unusually
                  | fast. [Vine Stalker growth]
  1471 | D:2      | Reached XP level 4. HP: 18/21 MP: 0/9
  2185 | D:3      | Noticed a scorpion
  3002 | D:3      | Killed a scorpion
  3003 | D:3      | Reached skill level 1 in Fighting
  3003 | D:3      | Reached XP level 5. HP: 13/25 MP: 1/10
  3100 | D:3      | Found Ovoqi's Book Emporium.
  3295 | D:4      | Reached skill level 2 in Short Blades
  3295 | D:4      | Reached XP level 6. HP: 21/30 MP: 1/11
  3648 | D:4      | Noticed a necrophage
  3654 | D:4      | Killed a necrophage
  3655 | D:4      | Reached skill level 3 in Short Blades
  3655 | D:4      | Reached XP level 7. HP: 33/35 MP: 2/13
  3660 | D:4      | Learned a level 4 spell: Airstrike
  3735 | D:4      | Found a staircase to the Ecumenical Temple.
  3773 | Temple   | Entered the Ecumenical Temple
  3969 | Temple   | Became a worshipper of Vehumet
  4360 | D:4      | Found a hide-covered altar of Uskayaw.
  4714 | D:5      | Entered Level 5 of the Dungeon
  4803 | D:5      | Found a bloodstained altar of Trog.
  5326 | D:5      | Found a snail-covered altar of Cheibriados.
  5387 | D:5      | Reached skill level 4 in Short Blades
  5387 | D:5      | Gained mutation: You have razor-sharp teeth. [Vine Stalker
                  | growth]
  5387 | D:5      | Reached XP level 8. HP: 23/39 MP: 1/15
  5937 | D:5      | Found a stormy altar of Qazlal.
  5940 | D:5      | Noticed a water elemental
  5940 | D:5      | Noticed an air elemental
  5950 | D:5      | Found an opulent altar of Gozag.
  6121 | D:5      | Reached * piety under Vehumet
  6121 | D:5      | Offered knowledge of Magic Dart by Vehumet.
  6518 | D:6      | Reached skill level 5 in Air Magic
  6663 | D:6      | Found a broken altar of Ashenzari.
  6910 | D:6      | Reached skill level 5 in Short Blades
  7320 | D:6      | Reached XP level 9. HP: 44/44 MP: 17/17
  7401 | D:6      | Reached skill level 5 in Spellcasting
  7944 | D:6      | Found a sparkling altar of Nemelex Xobeh.
  7992 | D:7      | Noticed Harold
  7992 | D:7      | Found an ornate altar of the Wu Jian Council.
  8079 | D:7      | Noticed Joseph
  8206 | D:7      | Killed Joseph
  8207 | D:7      | Reached skill level 6 in Short Blades
  8412 | D:7      | Killed from afar by Harold

Illustrated notes

Levels and vault maps discovered:
D:1:      dpeg_arrival_three_smaller_balls, layout_basic,
          shapermc_ecumenical_altar_acropolis, serial_shops,
          nicolae_shop_statue_plus, minmay_tetromino_t2
D:2:      layout_loops_ring, uniq_natasha
D:3:      minmay_general_purpose_star, layout_basic, serial_bayou,
          serial_bayou_pond_e, serial_bayou_shore_b, serial_bayou_crossing,
          serial_bayou_lagoon_b, serial_shops, shop_fountains, hex_medium
D:4:      layout_loops_ring, mainiacjoe_overflow_alcove_4,
          minmay_temple_entry_waves
D:5:      layout_loops_corners, nicolae_overflow_crystal_walls,
          nicolae_gozag_seed_capital, marbit_many_paths,
          nicolae_qazlal_style_of_elements
D:6:      layout_loops_ring, minitemple
D:7:      layout_basic, nicolae_wu_jian_wuxing_cycle, old_standard_altar,
          uniq_prince_ribbit1, uniq_joseph, uniq_harold
Temple:   dpeg_chambers_temple

Skill      XL: |  1  2  3  4  5  6  7  8  9 |
---------------+----------------------------+-----
Short Blades   | 1 2 3 4 5 6 |  6.1
Conjurations   | 2 3 |  3.0
Dodging        | 2 3 4 |  4.3
Fighting       | 1 2 3 4 |  4.2
Spellcasting   | 3 4 5 |  5.3
Air Magic      | 4 5 |  5.7
Stealth        | |  2.4

Action                   |  1- 3 |  4- 6 |  7- 9 || total
-------------------------+-------+-------+-------++-------
Melee: Short sword       |     9 |       |       ||     9
       Bite              |     5 |     8 |    20 ||    33
       Unarmed           |     1 |       |       ||     1
       Rapier            |    15 |    47 |    66 ||   128
 Cast: Shock             |    32 |    68 |   132 ||   232
       Static Discharge  |     3 |    10 |    51 ||    64
       Swiftness         |       |     1 |       ||     1
       Airstrike         |       |       |    16 ||    16
  Use: Scroll            |     5 |     4 |     4 ||    13
 Stab: Sleeping          |     3 |       |     1 ||     4
Armor: Robe              |     9 |    15 |    27 ||    51
Dodge: Dodged            |    23 |    40 |    58 ||   121
